[Event "1000GM Spring GM-A 2024"]
[Site "New York"]
[Date "2024.03.29"]
[Round "3.3"]
[White "Bortnyk, Mykola"]
[Black "Zilka, Stepan"]
[Result "1/2-1/2"]
[ECO "B99"]
[WhiteElo "2453"]
[BlackElo "2589"]
[Annotator "RC"]
[PlyCount "118"]
[EventDate "2024.03.26"]
[EventType "tourn"]
[EventCountry "USA"]
[SourceTitle "playchess.com"]
[Source "ChessBase"]
[SourceQuality "1"]
[TimeControl "5400+30"]

1. e4 c5 2. Nf3 d6 3. d4 cxd4 4. Nxd4 Nf6 5. Nc3 a6 6. Bg5 e6 7. f4 Be7 8. Qf3 Nbd7 9. O-O-O Qc7 10. g4 b5 11. Bxf6 Nxf6 12. g5 Nd7 13. h4 b4 14. Nce2 Bb7 15. h5 Rc8 16. g6 f5 17. h6 hxg6 18. Qg3 Kf7 19. exf5 exf5 20. Bg2 Bxg2 21. Qxg2 Rxh6 22. Qd5+ Ke8 23. Qg8+ Nf8 24. Qxg7 Rxh1 25. Rxh1 Bd8 26. Qh8 Qc4 27. Rh3 Rc7 28. b3 Qd5 29. Re3+ Re7 30. c4 bxc3 31. Nxc3 Qc5 32. Rxe7+ Bxe7 33. Kc2 Kf7 34. Kd3 Bf6 35. Qxf8+ Kxf8 36. Ne6+ Kf7 37. Nxc5 dxc5 38. Nd5 Be7 39. Ke3 Ke6 40. Nb6 Bf6 41. Nc4 Kd5 42. Kd3 g5 43. fxg5 Bxg5 44. Nb6+ Ke5 45. Nd7+ Kd6 46. Nb6 Bd8 47. Nc4+ Kd5 48. Ke3 Bg5+ 49. Kd3 f4 50. Nd2 Bf6 51. Nf3 Bd4 52. Nd2 Be3 53. Nf3 Bc1 54. Ng5 Ke5 55. Nf3+ Kf5 56. Nh2 Be3 57. Nf3 Kg4 58. Ke2 Bc1 59. Nh2+ Kf5 1/2-1/2

[Event "1000GM Spring GM-A 2024"]
[Site "New York"]
[Date "2024.03.29"]
[Round "3.4"]
[White "Huston, Gus"]
[Black "Sethuraman, Sandeep"]
[Result "1/2-1/2"]
[ECO "D45"]
[WhiteElo "2401"]
[BlackElo "2381"]
[Annotator "TA"]
[PlyCount "87"]
[EventDate "2024.03.26"]
[EventType "tourn"]
[EventCountry "USA"]
[SourceTitle "playchess.com"]
[Source "ChessBase"]
[SourceQuality "1"]
[TimeControl "5400+30"]

1. d4 d5 2. c4 c6 3. Nf3 Nf6 4. Nc3 e6 5. e3 a6 6. Qc2 c5 7. cxd5 exd5 8. Be2 Nc6 9. O-O Be6 10. Rd1 Nb4 11. Qb1 Qc8 12. Bd2 Bf5 13. Qc1 {[%emt 0:00:01] And now Na4 would win.} c4 14. a3 Nc6 {[%emt 0:01:25] [#]} 15. b3 $1 cxb3 16. Qb2 Bd6 17. Qxb3 Qd7 18. Na4 {[%emt 0:01:15] Strongly threatening Nb6.} (18. Nxd5 $2 Nxd5 19. Bc4 Nc7 $19) 18... Rd8 19. Rac1 O-O 20. Nc5 Bxc5 21. dxc5 Ne4 22. Be1 Rfe8 23. Nh4 (23. Nd4 $16) 23... Be6 $11 24. Qc2 Qe7 25. Nf3 Bg4 26. h3 Bf5 {[%emt 0:10:35][%cal Oe4f2] White must now prevent ...Nxf2!} 27. Nd4 Nxd4 28. Rxd4 Qg5 {[%emt 0:00:46][%cal Oe4f2] [#] Hoping for ...Nxf2!} 29. h4 $1 Qe7 (29... Qxh4 $6 30. f3 Qg5 31. fxe4 Bxe4 32. Bd3 Bxg2 33. Bxh7+ Kh8 34. Bh4 Qxe3+ 35. Bf2 $18) 30. Qd1 Be6 ({Much worse is} 30... Qxh4 $6 31. f3 (31. Rxd5 Qe7 $14) 31... Qg5 32. fxe4 Bxe4 33. Bf1 $16) 31. c6 bxc6 32. Rxc6 Qxa3 33. Rxa6 Qb2 34. Bf3 Rb8 35. Rc6 (35. Bxe4 {simplifies} dxe4 36. Rxe4 h6 37. Rd4) 35... Rec8 (35... Qb7 $11 36. Rc1 h6) 36. Rxc8+ $16 Rxc8 37. Rb4 (37. Bxe4 $16 Rc1 38. Qd2 Qxd2 39. Rxd2) 37... Qe5 $11 38. Qb1 Bf5 39. Qd1 (39. Qb2 {simplifies} Qxb2 40. Rxb2 h6 41. Bb4) 39... h6 40. Rd4 Be6 41. Bb4 Rc4 {[%emt 0:00:38] The position is equal.} 42. Rxc4 dxc4 43. Qc2 Bd5 44. Bxe4 {[%emt 0:00:32] Weighted Error Value: White=0.10 (very precise) /Black=0.09 (flawless) .  Mistake:       	White=2     	Black=1      Inaccurate:     	White=1     	Black=2      OK:         	White=15    	Black=19     Best:        	White=2     	Black=1} 1/2-1/2

[Event "1000GM Spring GM-A 2024"]
[Site "New York"]
[Date "2024.03.29"]
[Round "3.5"]
[White "Lu, Maximillian"]
[Black "Novik, Maxim"]
[Result "1/2-1/2"]
[ECO "A30"]
[WhiteElo "2375"]
[BlackElo "2415"]
[Annotator "RC"]
[PlyCount "121"]
[EventDate "2024.03.26"]
[EventType "tourn"]
[EventCountry "USA"]
[SourceTitle "playchess.com"]
[Source "ChessBase"]
[SourceQuality "1"]
[TimeControl "5400+30"]

1. Nf3 c5 2. c4 Nf6 3. g3 b6 4. Bg2 Bb7 5. O-O g6 6. d4 cxd4 7. Qxd4 Bg7 8. Nc3 d6 9. Rd1 Nbd7 10. Ng5 Bxg2 11. Kxg2 O-O 12. b3 Qc8 13. Bb2 Qb7+ 14. Kg1 h6 15. Nf3 Rac8 16. Rac1 Rfe8 17. Nd5 a6 18. Qd2 Nxd5 19. Bxg7 Kxg7 20. cxd5 Nf6 21. Qd4 Rc5 22. e4 Rec8 23. Ra1 Kh7 24. Ne1 Qd7 25. Nd3 Qh3 26. Nf4 Qg4 27. Kg2 Rc3 28. Rd3 Rc2 29. h3 Qg5 30. Rf3 Kg8 31. h4 Qg4 32. Re1 Nd7 33. Nd3 Rd2 34. Rf4 Qh5 35. Qe3 Rdc2 36. Qd4 Ne5 37. Nb4 R2c3 38. Nc6 R3xc6 39. dxc6 Rxc6 40. Qd2 e6 41. f3 g5 42. hxg5 hxg5 43. Rf6 g4 44. fxg4 Nxg4 45. Rh1 Qe5 46. Rf4 f5 47. Rh5 Rc2 48. Rxg4+ fxg4 49. Qxc2 Qxh5 50. Qc8+ Kg7 51. Qxe6 Qh3+ 52. Kf2 Qh2+ 53. Kf1 Qh1+ 54. Ke2 Qf3+ 55. Kd2 Qf2+ 56. Kd1 Qxg3 57. Qe7+ Kg6 58. Qe6+ Kg5 59. Qf5+ Kh4 60. Qh7+ Kg5 61. Qf5+ 1/2-1/2

[Event "1000GM Spring GM-A 2024"]
[Site "New York"]
[Date "2024.03.29"]
[Round "4.1"]
[White "Shlyakhtenko, Robert"]
[Black "Novik, Maxim"]
[Result "1-0"]
[ECO "A65"]
[WhiteElo "2384"]
[BlackElo "2415"]
[Annotator "RC"]
[PlyCount "55"]
[EventDate "2024.03.26"]
[EventType "tourn"]
[EventCountry "USA"]
[SourceTitle "playchess.com"]
[Source "ChessBase"]
[SourceQuality "1"]
[TimeControl "5400+30"]

1. d4 Nf6 2. c4 g6 3. f3 c5 4. d5 e6 5. e4 exd5 6. cxd5 d6 7. Nc3 Bg7 8. Nge2 h5 9. Bg5 a6 10. a4 Qc7 11. Qd2 Nbd7 12. Nc1 O-O 13. Be2 Rb8 14. O-O c4 15. Be3 Nc5 16. Ra3 Nfd7 17. Bxc4 Nxe4 18. Nxe4 Qxc4 19. Nxd6 Qc7 20. Ne4 Ne5 21. Rc3 Qa5 22. Rxc8 Qxa4 23. b3 Qb5 24. Rc5 Qd7 25. Nd3 Rfe8 26. Nxe5 Bxe5 27. d6 Bg7 28. Bd4 1-0

[Event "1000GM Spring GM-A 2024"]
[Site "New York"]
[Date "2024.03.29"]
[Round "4.2"]
[White "Sethuraman, Sandeep"]
[Black "Lu, Maximillian"]
[Result "1/2-1/2"]
[ECO "D35"]
[WhiteElo "2381"]
[BlackElo "2375"]
[Annotator "RC"]
[PlyCount "101"]
[EventDate "2024.03.26"]
[EventType "tourn"]
[EventCountry "USA"]
[SourceTitle "playchess.com"]
[Source "ChessBase"]
[SourceQuality "1"]
[TimeControl "5400+30"]

1. d4 Nf6 2. c4 e6 3. Nc3 d5 4. cxd5 exd5 5. Bg5 c6 6. Qc2 Bd6 7. e3 O-O 8. Bd3 h6 9. Bh4 Re8 10. Nf3 Be6 11. O-O Nbd7 12. Bg3 Bxg3 13. hxg3 a5 14. a3 Qe7 15. Rfe1 Qd6 16. Rab1 Rec8 17. Rec1 b5 18. Ra1 Rab8 19. Ne2 Bg4 20. Nh2 Be6 21. Nf4 c5 22. dxc5 Rxc5 23. Qd2 Ne5 24. Rxc5 Qxc5 25. Qxa5 Nxd3 26. Nxd3 Qc2 27. Qc3 Qxc3 28. bxc3 Rc8 29. Nf3 Rxc3 30. Nb4 Kf8 31. Nd4 Bd7 32. Kf1 Ke7 33. Ke2 Kd6 34. f3 h5 35. Kd2 Rc4 36. Rb1 Ne8 37. Na2 Nc7 38. Nc3 Kc5 39. Rb2 b4 40. axb4+ Rxb4 41. Ra2 Kd6 42. Kd3 g6 43. Ra7 Rc4 44. e4 Rc5 45. f4 f6 46. exd5 Bf5+ 47. Kd2 Rc4 48. Nxf5+ gxf5 49. Ra5 Rc5 50. Rxc5 Kxc5 51. Ke3 1/2-1/2

[Event "1000GM Spring GM-A 2024"]
[Site "New York"]
[Date "2024.03.29"]
[Round "4.3"]
[White "Zilka, Stepan"]
[Black "Huston, Gus"]
[Result "1/2-1/2"]
[ECO "B68"]
[WhiteElo "2589"]
[BlackElo "2401"]
[Annotator "TA"]
[PlyCount "82"]
[EventDate "2024.03.26"]
[EventType "tourn"]
[EventCountry "USA"]
[SourceTitle "playchess.com"]
[Source "ChessBase"]
[SourceQuality "1"]
[TimeControl "5400+30"]

1. e4 c5 2. Nf3 d6 3. d4 cxd4 4. Nxd4 Nf6 5. Nc3 Nc6 6. Bg5 e6 7. Qd2 a6 8. O-O-O Bd7 9. f4 Be7 10. Qe1 Rc8 11. Nxc6 Bxc6 12. Bd3 Nd7 13. Bxe7 Qxe7 14. Kb1 Nc5 15. Rf1 b5 16. Qg3 f6 17. e5 dxe5 18. Bxh7 e4 19. f5 b4 20. Ne2 e5 21. Bg6+ Kf8 22. Rd2 Qc7 23. Qe3 Bb5 24. Rfd1 Ke7 25. Ng3 Rhd8 26. Nh5 Rxd2 27. Rxd2 Na4 $2 (27... b3 $19 28. axb3 (28. cxb3 Bd3+ 29. Rc2 Bxc2+ 30. Ka1 Nxb3+) 28... Bd3 29. Nxf6 (29. cxd3 $2 Nxb3 30. Rd1 $19)) 28. Nxf6 $2 (28. Qxe4 $2 Qc3 29. Qb7+ Rc7 30. bxc3 Nxc3+ (30... Rxb7 31. cxb4 Bc4 32. a3 $11) 31. Kb2 Rxb7 32. Nxg7 e4 $19) (28. Nxg7 $2 Qc4 29. Rf2 Rd8 $19 (29... Qd4 30. Qxd4 exd4 31. Rf4 $17)) (28. Qb3 $17 {is a better defense.} Qc4 29. Ng3) 28... gxf6 $19 (28... Kxf6 29. Qg3) 29. Qh6 (29. Qxe4 $2 Qc3 30. bxc3 Nxc3+ 31. Kb2 Nxe4 $19) 29... Bd3 $1 30. Qg7+ {[%emt 0:06:56] [#]} (30. cxd3 $2 Qc1#) 30... Kd6 $1 31. Qxf6+ (31. Bf7 $2 Qc5 32. Bh5 (32. cxd3 $2 Qc1#) (32. Qxf6+ $2 Kc7 $19) 32... Nc3+ (32... Qg1+ $2 33. Bd1 $19) 33. Kc1 (33. bxc3 $2 bxc3 34. Qxf6+ Kc7 $19) 33... Nd5 $19 (33... Nxa2+ $2 34. Kb1 $19)) 31... Kd5 32. Bf7+ $2 (32. cxd3 $2 Qc1#) (32. Be8 $17 {was the crucial defense.} Rxe8 33. cxd3) 32... Kd4 $19 33. Bb3 (33. Bh5 $142 Nxb2 34. Kxb2) 33... Nxb2 $1 $19 34. Qh4 Qc3 35. Qh6 Rc6 36. f6 e3 (36... Nc4 $142 37. Bxc4 Kxc4 (37... Qxc4 38. Qh4 $11) 38. Rf2 Qe1+ 39. Qc1 Qxc1+ (39... Qxf2 40. a4 Qxc2+ 41. Qxc2+ Bxc2+ 42. Kb2 Rxf6 43. Kxc2 Rf2+ 44. Kd1 b3 45. g4 b2 46. Ke1 e3 47. h4 b1=Q#) 40. Kxc1 e3 41. Rd2 exd2+ 42. Kxd2 Bxc2 (42... Bg6 $2 43. f7 $19) 43. f7 Rf6 44. Kxc2 Rxf7 45. Kd2 Rf2+ 46. Ke3 Rxa2 (46... Rxg2 47. h4 Rxa2 48. Ke4 b3 49. Kf5 b2 50. Kxe5 b1=Q 51. h5 Rf2 52. Kd6 Qb7 53. Ke6 Rf7 54. h6 Qe7#) 47. Kf3 b3 48. h4 b2 49. Kg4 b1=Q (49... b1=R 50. g3 e4 51. h5 e3 52. h6 e2 53. h7 e1=Q 54. h8=Q Qe6+ 55. Kf4 Rf1+ 56. Kg5 Ra5+ 57. Qe5 Rxe5+ 58. Kh4 Rh1#) 50. Kg5 Rxg2+ 51. Kf6 Rf2+ 52. Kg7 Qg1+ 53. Kh6 Rf7 54. Kh5 Rh7#) 37. Qh4+ $19 {[%emt 0:00:44] [#]} e4 $2 ({Better is} 37... Kc5 $1 $19 38. f7 exd2 (38... Rc8 39. Qe7+ Kb5 40. f8=Q $11) 39. f8=Q+ (39. f8=B+ Kb5 40. Qxb4+ Qxb4 41. Bxb4 d1=Q+ 42. Kxb2 Rxc2+ 43. Bxc2 Qxc2+ 44. Ka3 Qc1+ 45. Kb3 Bc4#) 39... Kb5 40. Qb8+ (40. cxd3 $2 Qc1#) 40... Rb6 41. Qxb6+ (41. Qe8+ $2 Ka5 $19) 41... Kxb6 42. Qd8+ Qc7 43. Qxc7+ Kxc7 44. cxd3 d1=Q+ (44... d1=B 45. Kxb2 Be2 46. Kc2 $16) 45. Bxd1 Nxd1) 38. f7 $1 $11 exd2 39. Qf2+ Ke5 $1 (39... e3 $2 40. Qh4+ Kc5 41. f8=Q+ (41. f8=R $2 d1=Q#) 41... Kb5 42. Qb8+ (42. cxd3 $2 Qc1#) 42... Rb6 43. Qh5+ Qc5 44. Qbe8+ Rc6 45. Qxc5+ (45. Kxb2 Qxh5 46. Qxh5+ Kb6 $18) (45. cxd3 d1=Q+ 46. Bxd1 Nxd1 $18) 45... Kxc5 46. Qxe3+ (46. Kxb2 d1=Q $11) 46... Kb5 47. Qxd2 $18 (47. Kxb2 $2 d1=N+ 48. Kb1 Bxc2+ 49. Bxc2 Nxe3 $19) (47. cxd3 d1=Q+ 48. Bxd1 Nxd1 $18)) 40. Qg3+ Kd4 41. Qf2+ Ke5 $1 ({Don't go for} 41... e3 $2 42. Qh4+ Kc5 43. f8=Q+ (43. f8=R $2 d1=Q#) 43... Kb5 44. Qb8+ (44. cxd3 $2 Qc1#) 44... Rb6 45. Qh5+ Qc5 46. Qbe8+ Rc6 47. Qxc5+ (47. Kxb2 Qxh5 48. Qxh5+ Kb6 $18) (47. cxd3 d1=Q+ 48. Bxd1 Nxd1 $18) 47... Kxc5 48. Qxe3+ (48. Kxb2 d1=Q $11) 48... Kb5 49. Qxd2 $18 (49. Kxb2 $2 d1=N+ 50. Kb1 Bxc2+ 51. Bxc2 Nxe3 $19) (49. cxd3 d1=Q+ 50. Bxd1 Nxd1 $18)) 1/2-1/2

[Event "1000GM Spring GM-A 2024"]
[Site "New York"]
[Date "2024.03.29"]
[Round "4.4"]
[White "Ostrovskiy, Aleksandr"]
[Black "Bortnyk, Mykola"]
[Result "1-0"]
[ECO "C50"]
[WhiteElo "2411"]
[BlackElo "2453"]
[Annotator "TA"]
[PlyCount "91"]
[EventDate "2024.03.26"]
[EventType "tourn"]
[EventCountry "USA"]
[SourceTitle "playchess.com"]
[Source "ChessBase"]
[SourceQuality "1"]
[TimeControl "5400+30"]

1. e4 e5 2. Nf3 Nc6 3. Bc4 d6 4. c3 f5 5. d3 f4 6. h4 {[%emt 0:01:02] C50: Hungarian Defence and Giuoco Pianissimo.} Qf6 7. Nbd2 Nge7 8. b4 h6 $146 ({Predecessor:} 8... g6 9. Bb2 Bg7 10. Qe2 h6 11. O-O-O Bg4 12. Nb3 a5 13. b5 Nb8 14. a4 Nd7 {0-1 Lagunow,R (2378)-Paravyan,D (2653) Titled Tuesday intern op 7th July blitz 2020 (1)}) 9. Bb2 Be6 10. Qa4 a5 11. O-O-O (11. Bxe6 $16 Qxe6 12. d4) 11... Nc8 $1 $11 12. Bxe6 Nb6 13. Qb3 a4 14. Qc2 Qxe6 15. a3 O-O-O 16. c4 Be7 17. h5 Rhg8 18. Nb1 g5 19. hxg6 Rxg6 20. Rh2 Rdg8 21. Rg1 $1 R8g7 22. Qe2 Qg8 23. Qf1 Bf6 24. Nbd2 (24. Nc3 $14) 24... Kb8 25. Rgh1 Rh7 26. Kb1 Nd7 (26... h5 $5) 27. Rg1 Rhg7 28. Rgh1 Rh7 29. Rg1 Na7 30. Qd1 b5 (30... Nb6 $11 {keeps the balance.}) 31. Qe2 Rhg7 32. Rc1 c5 {[%emt 0:00:00] [#]} (32... Rxg2 $6 33. Rh5 $11) 33. bxc5 $2 (33. cxb5 $1 $16 {[%cal Ob5b6] Threatens to win with b6!} cxb4 34. axb4) 33... Nxc5 $15 34. cxb5 (34. d4 $11 exd4 35. Bxd4 Bxd4 36. Nxd4) 34... Rb7 (34... Nxb5 $15 35. Ka1 Rb7 (35... Rxg2 36. Rxh6 R2g6 37. Rxg6 $16)) 35. b6 $11 ({Not} 35. Nxe5 $2 Bxe5 36. d4 (36. Bxe5 $2 Nxb5 37. Ka1 dxe5 $19) 36... f3 (36... Rxg2 37. Rxg2 Qxg2 38. dxe5 $16) 37. Qxf3 Nxe4 (37... Bxh2 $2 38. dxc5 Rxg2 39. b6 $19) 38. Qxe4 Bxh2 $19) 35... Rxb6 36. Nc4 Rb3 37. Nfd2 Rxd3 (37... f3 $1 $11 {remains equal.} 38. gxf3 Rxd3) 38. Nxd6 (38. Nb6 {keeps more tension.} f3 39. Nd7+ Ka8 40. Nxf3 Rb3 41. Nxc5 dxc5 42. Qc4) 38... Qd8 ({Better is} 38... Rxd6 $14 39. Rxc5 Rxg2 40. Rxg2 (40. Rxh6 Rg1+ 41. Rc1 Rxc1+ 42. Bxc1 Qg7 $14) 40... Qxg2) 39. Rxc5 $16 Qxd6 {[%emt 0:00:00] [#]} 40. Rc2 $1 Nb5 $2 (40... Qd7 $16) 41. Rh3 $18 Rgg3 42. fxg3 f3 43. gxf3 Nxa3+ 44. Bxa3 Qxa3 45. Rb2+ Kc8 46. Nc4 1-0

[Event "1000GM Spring GM-A 2024"]
[Site "New York"]
[Date "2024.03.29"]
[Round "4.5"]
[White "Lomasov, Semyon"]
[Black "Mardov, Dimitar"]
[Result "1/2-1/2"]
[ECO "C55"]
[WhiteElo "2565"]
[BlackElo "2473"]
[Annotator "TA"]
[PlyCount "55"]
[EventDate "2024.03.26"]
[EventType "tourn"]
[EventCountry "USA"]
[SourceTitle "playchess.com"]
[Source "ChessBase"]
[SourceQuality "1"]
[TimeControl "5400+30"]

1. e4 e5 2. Nf3 Nc6 3. Bc4 Nf6 4. d3 h6 5. c3 d6 6. a4 g6 7. a5 Bg7 8. a6 {[%emt 0:01:26] And now axb7 would win. White is slightly better.} O-O 9. O-O b6 10. Re1 Ne7 11. Nbd2 c6 12. d4 Qc7 13. Bf1 g5 14. h3 Ng6 15. b4 Re8 16. Bb2 d5 17. c4 Nxe4 18. cxd5 Nxd2 19. Qxd2 {[%emt 0:00:20] Threatens to win with Rac1.} e4 20. dxc6 {[%emt 0:00:51] Strongly threatening d5.} Bf5 21. Qc2 Ne7 {[%emt 0:01:38] [#] Wards off b5} 22. b5 exf3 $11 {[%emt 0:01:24] [#] The position is equal.} 23. Rxe7 $1 Qxe7 24. Qxf5 {[%emt 0:00:02] Bd3 is the strong threat.} Qb4 $1 25. Rb1 {[%emt 0:02:47] Hoping for Ba1.} Bxd4 26. Bxd4 Qxd4 27. Qxf3 Rad8 28. Rc1 {[%emt 0:05:53] Weighted Error Value: White=0.09 (flawless) /Black=0.10 (very precise) .  Mistake:       	White=1     	---        Inaccurate:     	---       	Black=3      OK:         	White=11    	Black=8      Best:        	---       	Black=2      Strong:       	---       	Black=1      Brilliant:      	White=1     	---} 1/2-1/2

[Event "1000GM Spring GM-A 2024"]
[Site "New York"]
[Date "2024.03.30"]
[Round "5.1"]
[White "Mardov, Dimitar"]
[Black "Shlyakhtenko, Robert"]
[Result "1-0"]
[ECO "B42"]
[WhiteElo "2473"]
[BlackElo "2384"]
[Annotator "TA"]
[PlyCount "71"]
[EventDate "2024.03.26"]
[EventType "tourn"]
[EventCountry "USA"]
[SourceTitle "playchess.com"]
[Source "ChessBase"]
[SourceQuality "1"]
[TimeControl "5400+30"]

1. e4 c5 2. Nf3 e6 3. d4 cxd4 4. Nxd4 a6 5. Bd3 Nf6 6. Qe2 d6 7. O-O g6 8. c4 Bg7 9. Nc3 O-O 10. Be3 Qc7 11. Rac1 Nbd7 12. f3 b6 13. Rfd1 Ne5 14. Qd2 {[%emt 0:06:32] White is slightly better.} Nxd3 15. Qxd3 Nd7 16. b3 Re8 17. Nde2 Bf8 18. Qd2 Bb7 19. h3 Rac8 20. Kh1 Ba8 21. Bf4 Ne5 22. Bh6 Be7 23. f4 Nd7 24. Qd4 Nf6 25. Ng3 Qc5 26. e5 (26. Qxc5 {simplifies} Rxc5 27. Bg5 Bc6 28. a4) 26... Qc6 27. Qf2 $16 {[%emt 0:03:50] Active counter play!} (27. exf6 $2 Qxg2#) 27... dxe5 (27... Nd7 $16 {is a better defense.}) 28. fxe5 $18 Nd7 {[%emt 0:00:12] [#]} 29. Rxd7 Qxd7 30. Nce4 {[%emt 0:02:58] Nf6+ would now be deadly.} Qc6 {[%emt 0:25:07][%cal Oe8f8] [#]} 31. Rg1 $1 $40 {[%emt 0:02:53][%mdl 1152] White has strong compensation. Black is in trouble.} ({Don't play} 31. Rf1 $6 Rf8 $11) 31... Red8 $2 {[%emt 0:00:00][%mdl 8192] Loses the game.} (31... f5 $16 32. exf6 Rf8) 32. Nf6+ Kh8 33. Nge4 {[%emt 0:01:21] Excellent horsemanship.} Bc5 {[%emt 0:00:00] [#]} 34. Qh4 $1 {[%emt 0:00:45] White mates.} Bxg1 (34... Qxe4 35. Nxe4) 35. Bf8 h5 36. Qg5 {[%emt 0:00:08] Weighted Error Value: White=0.06 (flawless) /Black=0.40.  Loses game:     	---       	Black=1      Mistake:       	---       	Black=2      OK:         	White=5     	Black=9      Best:        	White=2     	Black=2      Strong:       	White=1     	---        Brilliant:      	White=1     	---} 1-0

[Event "1000GM Spring GM-A 2024"]
[Site "New York"]
[Date "2024.03.30"]
[Round "5.2"]
[White "Bortnyk, Mykola"]
[Black "Lomasov, Semyon"]
[Result "1/2-1/2"]
[ECO "C01"]
[WhiteElo "2453"]
[BlackElo "2565"]
[Annotator "TA"]
[PlyCount "36"]
[EventDate "2024.03.26"]
[EventType "tourn"]
[EventCountry "USA"]
[SourceTitle "playchess.com"]
[Source "ChessBase"]
[SourceQuality "1"]
[TimeControl "5400+30"]

1. e4 e6 2. d4 d5 3. exd5 exd5 4. Nf3 Nc6 5. c4 Bb4+ 6. Nc3 Nf6 7. Bg5 O-O 8. Bxf6 Qxf6 9. cxd5 Ne7 10. Qb3 (10. Bc4 $11 {bleibt in der Remisbreite.}) 10... Qd6 (10... Bxc3+ $17 11. bxc3 Re8) 11. Bc4 $11 {[%emt 0:00:08] Die Stellung ist ausgeglichen.} b6 12. O-O Bxc3 13. bxc3 Bb7 14. Rfd1 Rad8 15. Rac1 Nxd5 16. Bxd5 Bxd5 17. c4 Be4 18. d5 Bxf3 {[%emt 0:02:25] Gewichteter Fehlerwert: Weiß=0.19 (sehr präzise) /Schwarz=0.17 (sehr präzise) .  Fehler:       	Weiß=1     	Schwarz=1     Ungenau:       	Weiß=1     	---        OK:         	Weiß=3     	Schwarz=4     Bester:       	Weiß=2     	---} 1/2-1/2

[Event "1000GM Spring GM-A 2024"]
[Site "New York"]
[Date "2024.03.30"]
[Round "5.3"]
[White "Huston, Gus"]
[Black "Ostrovskiy, Aleksandr"]
[Result "1-0"]
[ECO "D35"]
[WhiteElo "2401"]
[BlackElo "2411"]
[Annotator "TA"]
[PlyCount "113"]
[EventDate "2024.03.26"]
[EventType "tourn"]
[EventCountry "USA"]
[SourceTitle "playchess.com"]
[Source "ChessBase"]
[SourceQuality "1"]
[TimeControl "5400+30"]

1. d4 d5 2. c4 e6 3. Nc3 Nf6 4. cxd5 exd5 5. Bg5 c6 6. e3 h6 7. Bh4 Be7 8. Bd3 O-O 9. Nge2 {[%emt 0:04:40] D35: Queen's Gambit Declined: Exchange Variation.} Ne4 10. Bxe7 Qxe7 11. Bxe4 dxe4 12. Qc2 Bf5 13. a3 Nd7 14. O-O Bh7 $146 ({Predecessor:} 14... Nb6 15. Ng3 Bg6 16. Qb3 Rad8 17. Rfc1 Kh8 18. Qb4 Qe6 19. Na4 Nxa4 20. Qxa4 a6 {1-0 Zhao,C (2275)-Akin,K (1974) Wch U20 57th 2018 (8)}) 15. b4 Rac8 16. Rfc1 Kh8 17. Qa4 a6 18. Qa5 f5 19. Na4 Nf6 20. Qc5 Qf7 21. Nb6 Rcd8 22. a4 Nd5 23. Nxd5 Rxd5 24. Qc4 Qd7 25. Rab1 Bg8 26. Qc2 Rd6 27. h3 b5 28. axb5 axb5 (28... cxb5 $11 29. Qc7 Bc4 30. Qxd7 Rxd7) 29. Ra1 ({White has to play} 29. Qc5 $1 $16) 29... Bc4 $11 30. Ra6 Rdf6 31. Nf4 Qe8 32. Qd1 Bf7 (32... Kh7 $11) 33. d5 $1 $16 Bxd5 34. Nxd5 cxd5 35. Rxf6 Rxf6 36. Qxd5 Kh7 (36... f4 $16) 37. g3 Qh5 38. Rc8 (38. Qxb5 $6 Qxh3 39. Rd1 Qg4 $16) 38... Rf7 $2 (38... Qf7 {was worth a try.} 39. Qxb5 Rd6 40. Rh8+ Kg6 (40... Kxh8 $2 {too greedy.} 41. Qb8+ Kh7 42. Qxd6 $18)) 39. h4 (39. Qxb5 Qd1+ 40. Qf1 Rd7 $18) 39... Qg6 40. Qxb5 Qd6 41. Qe8 Qd1+ 42. Kh2 Qe2 43. Qg8+ $1 (43. Qxf7 Qxf2+ 44. Kh3 Qf1+ 45. Kh2 Qf2+ 46. Kh3 Qf1+ 47. Kh2 Qe2+ (47... Qf2+ 48. Kh3 $11) 48. Kg1 Qe1+ 49. Kg2 Qe2+ 50. Kg1 Qd1+ 51. Kh2 Qe2+ 52. Kg1 $11) 43... Kg6 {[%emt 0:00:02] [#]} 44. Rc6+ $1 Rf6 45. Rxf6+ Kxf6 46. Qf8+ Kg6 {[%emt 0:01:55] [#]} 47. Qd6+ $1 Kh5 48. Qf4 g6 $2 (48... Kg6 49. Kg2 Qb5 50. Qd6+ Kf7 51. Qc7+ Kg8 52. Qd8+ Kf7) 49. Kg2 (49. g4+ $142 Qxg4 50. Qxg4+ Kxg4 51. b5) 49... Qc4 50. Qe5 Qe2 51. Qa1 Kg4 $2 (51... g5 52. hxg5 hxg5) 52. Qf1 $18 Qc2 53. b5 f4 54. gxf4 Qb3 55. h5 gxh5 56. Qh1 Qxb5 57. Qh3# 1-0

[Event "1000GM Spring GM-A 2024"]
[Site "New York"]
[Date "2024.03.30"]
[Round "5.4"]
[White "Lu, Maximillian"]
[Black "Zilka, Stepan"]
[Result "0-1"]
[ECO "E16"]
[WhiteElo "2375"]
[BlackElo "2589"]
[Annotator "TA"]
[PlyCount "54"]
[EventDate "2024.03.26"]
[EventType "tourn"]
[EventCountry "USA"]
[SourceTitle "playchess.com"]
[Source "ChessBase"]
[SourceQuality "1"]
[TimeControl "5400+30"]

1. d4 Nf6 2. c4 e6 3. Nf3 b6 4. g3 Bb7 5. Bg2 Bb4+ 6. Bd2 c5 7. O-O Bxd2 8. Qxd2 cxd4 9. Qxd4 Nc6 {[%emt 0:00:05] White has an edge.} 10. Qf4 Qb8 11. Nc3 Qxf4 12. gxf4 Ke7 13. Rfd1 Rhd8 14. Ne5 Ne8 15. Rac1 f6 16. Nd3 Na5 17. Bxb7 Nxb7 18. Kg2 Ned6 19. b3 Rac8 20. Rd2 g5 21. Rcd1 gxf4 22. Nxf4 Nxc4 23. bxc4 Rxc4 24. Ncd5+ exd5 25. Nxd5+ Kf7 26. Nxb6 $2 {[%emt 0:06:02] [#]} axb6 $19 27. Rxd7+ Ke8 {[%emt 0:00:04] Weighted Error Value: White=0.30/Black=0.07 (flawless) .  Loses game:     	White=1     	---        Inaccurate:     	White=2     	Black=1      OK:         	White=3     	Black=11     Best:        	White=1     	Black=1} 0-1

[Event "1000GM Spring GM-A 2024"]
[Site "New York"]
[Date "2024.03.30"]
[Round "5.5"]
[White "Novik, Maxim"]
[Black "Sethuraman, Sandeep"]
[Result "1/2-1/2"]
[ECO "B87"]
[WhiteElo "2415"]
[BlackElo "2381"]
[Annotator "TA"]
[PlyCount "43"]
[EventDate "2024.03.26"]
[EventType "tourn"]
[EventCountry "USA"]
[SourceTitle "playchess.com"]
[Source "ChessBase"]
[SourceQuality "1"]
[TimeControl "5400+30"]

1. e4 c5 2. Nf3 d6 3. d4 cxd4 4. Nxd4 Nf6 5. Nc3 a6 6. Bc4 e6 7. O-O b5 8. Bb3 Be7 9. Qf3 Qc7 10. Qg3 O-O 11. Bh6 Ne8 12. Rad1 Bd7 13. h4 Nc6 14. Bg5 Nf6 15. Bh6 {[%emt 0:09:22] The position is equal.} Ne8 16. Bg5 Nf6 17. Nf5 exf5 $17 18. Bxf6 {[%emt 0:00:30] Loses the game.} (18. Nd5 $17 {was forced.} f4 (18... Nxd5 19. exd5 Bxg5 20. dxc6 $17) 19. Nxe7+ Nxe7 20. Qxf4) 18... Bxf6 $19 19. Nd5 Qd8 {[%emt 0:00:30] And now ...Be5 would win.} 20. Nxf6+ Qxf6 21. Rxd6 Qe7 ({Weaker is} 21... Qxb2 22. Rxd7 Nd4 23. Re1 Nxb3 24. Qxb3 $11) (21... Nd4 $142 {Strongly threatening ...Ne2+.} 22. Qh2 Be6) 22. exf5 {[%emt 0:00:00] Weighted Error Value: White=0.42/Black=0.35.  Mistake:       	White=2     	Black=1      OK:         	White=5     	Black=2      Best:        	---       	Black=1} 1/2-1/2